 Dungeon Crawl Stone Soup version 0.27.1 (webtiles) character file.

Game seed: 17972912803968424084

120 dtburroughs the Skirmisher (level 4, -14/41 HPs)
             Began as a Minotaur Berserker on Aug 25, 2021.
             Was a Follower of Trog.
             Killed by divine providence
             ... invoked by an orc priest
              (16 damage)
             ... on level 3 of the Dungeon.
             The game lasted 00:04:46 (1798 turns).

dtburroughs the Skirmisher (Minotaur Berserker)     Turns: 1798, Time: 00:04:47

Health: -14/41     AC:  9    Str: 22    XL:     4   Next: 75%
Magic:  3/3        EV:  8    Int:  5    God:    Trog [*.....]
Gold:   61         SH:  0    Dex:  9    Spells: 3/3 levels left

rFire    + . .     SeeInvis +   a - +0 hand axe
rCold    + . .     Faith    .   (no shield)
rNeg     . . .     Spirit   .   m - +0 chain mail
rPois    .         Reflect  .   (helmet restricted)
rElec    .         Harm     .   i - scarf {rC+ rF+}
rCorr    .         Rampage  .   (no gloves)
Will     .....                  (no boots)
Stlth    ..........             (no amulet)
HPRegen  0.13/turn              j - ring of see invisible
MPRegen  0.08/turn              (no ring)

@: no status effects
A: horns 2, retaliatory headbutt
a: Renounce Religion, Berserk


You were on level 3 of the Dungeon.
You worshipped Trog.
Trog was aware of your devotion.
You visited 1 branch of the dungeon, and saw 3 of its levels.

You collected 61 gold pieces.

Inventory:

Hand Weapons
 a - a +0 hand axe (weapon)
Armour
 b - a +0 animal skin
 i - a scarf of resistance (worn)
 m - a +0 chain mail (worn)
Jewellery
 j - a ring of see invisible (left hand)
 n - a ring of magical power
Scrolls
 e - a scroll of identify {unknown}
Potions
 c - 2 potions of lignification {unknown}
 d - 2 potions of haste {unknown}
 f - 2 potions of heal wounds {unknown}
 g - a potion of brilliance {unknown}
 h - a potion of might {unknown}
 k - a potion of ambrosia {unknown}
 l - a potion of degeneration {unknown}


   Skills:
 + Level 4.6 Fighting
 + Level 4.5 Axes
 + Level 3.6 Armour
 + Level 3.3 Dodging


You had 3 spell levels left.
You didn't know any spells.
Your spell library was empty.

Dungeon Overview and Level Annotations

Branches:
Dungeon (3/15)

Altars:
Dithmenos

Shops:
D:2 *


Innate Abilities, Weirdness & Mutations

You have a pair of horns on your head.
You reflexively headbutt those who attack you in melee.


Message History

The orc is lightly wounded.
The orc priest looks encouraged for a moment.
The orc barely misses you.
You slash the orc!
You kill the orc!
Trog accepts your kill.
The orc priest mumbles some strange prayers to Beogh against you.
Pain shoots through your body!
You hit the endoplasm.
The endoplasm is moderately wounded.
The endoplasm freezes you.
You are frozen.
You resist.
You hit the endoplasm.
The endoplasm is almost dead.
The endoplasm freezes you.
You are frozen.
You resist.
You hit the endoplasm but do no damage.
The endoplasm is almost dead.
The endoplasm freezes you.
You are frozen.
You resist.
You hit the endoplasm.
You kill the endoplasm!
Trog accepts your kill.
The orc priest invokes the aid of Beogh against you.
Pain shoots through your body!
You hit the orc but do no damage. The orc hits you but does no damage.
You closely miss the orc. The orc hits you but does no damage.
You closely miss the orc. Your headbutt misses the orc.
The orc barely misses you.
The orc priest mumbles some strange prayers to Beogh against you.
Beogh smites you!
* * * LOW HITPOINT WARNING * * *
You slash the orc!
You kill the orc!
Trog accepts your kill.
You hit the orc priest.
The orc priest is moderately wounded.
The orc priest calls down the wrath of Beogh upon you.
Beogh smites you!
You die...

........##.......#
.....#..##.#.#####
..####..#...:.# .##
#........# .#
#.##..#..#### .#
#...........####.##
##
##.[.###...........
#.## ####.####.# #.
#@# #o# ... .....
#.....# #.....#
#.....# #######


You could see an orc priest.

Vanquished Creatures
  Natasha (thrice) (D:1)
  2 adders
  2 orcs (D:3)
  2 endoplasms
  4 giant cockroaches
  3 goblins
  4 hobgoblins
  3 kobolds
  5 rats
28 creatures vanquished.

Notes
Turn   | Place    | Note
-------+----------+-------------------------------------------
     0 | D:1      | dtburroughs the Minotaur Berserker began the quest for the
                  | Orb.
     0 | D:1      | Reached XP level 1. HP: 19/19 MP: 0/0
   463 | D:1      | Reached XP level 2. HP: 26/27 MP: 1/1
   645 | D:1      | Found a faded altar of an unknown god.
   805 | D:2      | Found a shadowy altar of Dithmenos.
   827 | D:2      | Found Dehoyg's Assorted Antiques.
   959 | D:2      | Noticed Natasha
   971 | D:1      | Killed Natasha
   972 | D:1      | Reached XP level 3. HP: 30/33 MP: 2/2
  1058 | D:1      | Noticed Natasha
  1070 | D:1      | Killed Natasha
  1071 | D:1      | Reached XP level 4. HP: 29/41 MP: 3/3
  1340 | D:1      | Noticed Natasha
  1349 | D:1      | Killed Natasha
  1796 | D:3      | HP: 1/41 [orc priest/divine providence (14)]
  1798 | D:3      | Killed from afar by an orc priest

Illustrated notes

Levels and vault maps discovered:
D:1:      minmay_arrival_glassed_features, layout_loops_ring,
          shapermc_ecumenical_altar_rom_forum
D:2:      layout_rooms, basic_altar, serial_shops, shop, uniq_natasha
D:3:      layout_loops_cross, mainiacjoe_overflow_alcove_2,
          vehumet_altar_wand_db, serial_shops, shop, uniq_grinder

Skill      XL: |  1  2  3 |
---------------+----------+-----
Fighting       | 4 |  4.6
Axes           | 4 |  4.5
Armour         | 3 |  3.6
Dodging        | 3 |  3.3

Action                   |  1- 3 |  4- 6 || total
-------------------------+-------+-------++-------
Melee: Hand axe          |    44 |    37 ||    81
       Headbutt          |     6 |     2 ||     8
Armor: Animal skin       |     4 |       ||     4
       Chain mail        |     2 |    19 ||    21
Dodge: Dodged            |    27 |    14 ||    41
